 Dungeon Crawl Stone Soup version 0.31-a0-233-g139696dc86 (webtiles) character file.

Game seed: 17859842440245136035

39 qw the Shooter (level 3, 0/21 HPs)
             Began as a Gargoyle Hexslinger on July 8, 2023.
             Slain by a gnoll
             ... wielding a +0 flail
              (7 damage)
             ... on level 2 of the Dungeon.
             The game lasted 00:00:17 (951 turns).

qw the Shooter (Gargoyle Hexslinger)                 Turns: 951, Time: 00:00:17

Health: 0/21       AC:  5    Str: 11    XL:     3   Next: 45%
Magic:  4/4        EV: 12    Int: 13    God:
Gold:   69         SH:  5    Dex: 14    Spells: 3/4 levels left

rFire   . . .        Y - +1 sling
rCold   . . .        (no shield)
rNeg    + . .        c - +0 robe
rPois   inf          (no helmet)
rElec   +            (no cloak)
rCorr   .            (no gloves)
SInv    .            (no boots)
Will    .....        f - amulet of reflection
Stlth   +            (no ring)
HPRegen 0.23/turn    (no ring)
MPRegen 0.09/turn

%: reflection
@: no status effects
A: sickness immunity, AC +3, negative energy resistance 1, electricity
resistance, torment resistance 1, petrification resistance
a: no special abilities


You were on level 2 of the Dungeon.
You visited 1 branch of the dungeon, and saw 2 of its levels.

You collected 69 gold pieces.


Innate Abilities, Weirdness & Mutations

You are immune to sickness and miasma.
Your stone body is resilient. (AC +3)
You are immune to poison.
You resist negative energy. (rN+)
You are resistant to electric shocks. (rElec)
You are resistant to unholy torment.
You are immune to petrification.


   Skills:
 - Level 2.0 Fighting
 + Level 3.4 Ranged Weapons
 - Level 1.5 Dodging
 - Level 1.0 Spellcasting
 - Level 2.6 Hexes


You had 3 spell levels left.
You knew the following spells:

 Your Spells              Type           Power      Damage    Failure   Level
a - Slow                  Hex            28%        N/A       10%         1

Your spell library contained the following spells:

 Spells                   Type           Power      Damage    Failure   Level
 Inner Flame              Hex/Fire       4%         N/A       43%         3
 Portal Projectile        Hex/Tloc       8%         N/A       43%         3
 Cause Fear               Hex            3%         N/A       67%         4

Inventory:

Hand Weapons
 Y - a +1 sling (weapon)
Armour
 c - a +0 robe (worn)
Jewellery
 f - an amulet of reflection (around neck)
Scrolls
 a - 2 scrolls of teleportation {unknown}
Potions
 b - a potion of might {unknown}
 d - a potion of curing {unknown}

Dungeon Overview and Level Annotations

Branches:
Dungeon (2/15)

Altars:

Shops:
D:1 [


Message History

You block the bat's attack.
You shoot a sling bullet.
The sling bullet completely misses the bat.
The bat misses you. The bat barely misses you.
You shoot a sling bullet.
The sling bullet closely misses the bat.
The bat misses you. The bat barely misses you.
You shoot a sling bullet. The sling bullet hits the bat.
You kill the bat!
a - 2 scrolls labelled OZEIHU LOLY (gained 1)
There is a stone staircase leading down here. 2 gnolls come into view.
The gnoll shouts! x2; You hear a shout!
Enter note:
Enter note: You shoot a sling bullet.
The sling bullet hits the gnoll.
The gnoll is moderately wounded.
You shoot a sling bullet. The sling bullet hits the gnoll.
The gnoll is severely wounded.
The gnoll closely misses you.
You shoot a sling bullet.
The sling bullet closely misses the gnoll.
The gnoll closely misses you.
A gnoll comes into view. It is wielding a +0 flail.
The gnoll hits you with a +0 flail!
Ouch! That really hurt!
The gnoll barely misses you.
You shoot a sling bullet. The sling bullet hits the gnoll.
You kill the gnoll!
The gnoll barely misses you.
You shoot a sling bullet. The sling bullet hits the gnoll.
The gnoll is heavily wounded.
You block the gnoll's attack.
You shoot a sling bullet. The sling bullet hits the gnoll.
The gnoll is severely wounded.
The gnoll hits you with a +0 flail. You block the gnoll's attack.
You shoot a sling bullet. The sling bullet hits the gnoll.
You kill the gnoll!
The gnoll hits you with a +0 flail!
You die...

..#...# ......###### ..#
...........######..#
...................#
##.#.......### #...#
#.#...#...#####... .#
#.#.#.#......##..##...#
#.#.#.#...##..#)g.....#
#.#.#.).# #.#@#
#.#.#...###..># .
#.#.#......##.# .#
####.#.#.<....##.# ...
.....#.#.....[##.# ..#
####.#........##.# .. .
####.#%#.#+#####.#.#....
....<#.#................
.....#.#.#.#####.#.#.###


You could see a gnoll.

Vanquished Creatures
  2 gnolls (D:2)
  2 dart slugs (D:1)
  7 bats
  2 endoplasms (D:1)
  4 goblins (D:1)
  A hobgoblin (D:1)
  2 kobolds (D:1)
  2 ball pythons
  A frilled lizard (D:2)
  3 rats (D:1)
26 creatures vanquished.

Notes
Turn   | Place    | Note
-------+----------+-------------------------------------------
     0 | D:1      | qw the Gargoyle Hexslinger began the quest for the Orb.
     0 | D:1      | Reached XP level 1. HP: 12/12 MP: 2/2
     0 | D:1      | 0 ||| qw: Version: 0.3-a-46-gb1f654a
     0 | D:1      | 0 ||| qw: Game counter: 3346
     0 | D:1      | 0 ||| qw: Melee chars always use a shield: true
     0 | D:1      | 0 ||| qw: God list: Okawaru
     0 | D:1      | 0 ||| qw: Allow faded altars: false
     0 | D:1      | 0 ||| qw: Do Orc after clearing Dungeon:15 true
     0 | D:1      | 0 ||| qw: Do second Lair branch before Depths: true
     0 | D:1      | 0 ||| qw: Lair rune preference: random
     0 | D:1      | 0 ||| qw: Goals: Normal
     0 | D:1      | 0 ||| PLANNING D:1-11
   168 | D:1      | Reached XP level 2. HP: 16/16 MP: 3/3
   263 | D:1      | Reached skill level 3 in Ranged Weapons
   270 | D:1      | Found Kelocun's Antique Armour Shop.
   276 | D:1      | 276 ||| SHOPLISTING pair of gloves (117 gold, have 22).
   276 | D:1      | 276 ||| SHOPLISTING pair of runed gloves (195 gold, have
                  | 22).
   276 | D:1      | 276 ||| SHOPLISTING ring mail (104 gold, have 22).
   575 | D:1      | Reached XP level 3. HP: 21/21 MP: 4/4
   807 | D:1      | 807 ||| UPGRADING to amulet of reflection.
   812 | D:1      | 812 ||| READING scroll labelled ISHREF ZU JOIH.
   830 | D:1      | 830 ||| DROPPING scroll of poison.
   951 | D:2      | Slain by a gnoll

Levels and vault maps discovered:
D:1:      tarquinn_simple_flora_water_d, layout_loops_corners, serial_shops,
          shop
D:2:      layout_basic

Skill      XL: |  1  2 |
---------------+-------+-----
Ranged Weapons | 3 |  3.4
Fighting       | 2 |  2.0
Dodging        | |  1.5
Spellcasting   | |  1.0
Hexes          | |  2.6

Action                     || total
---------------------------++-------
   Fire: Sling             ||    66
    Use: Scroll            ||     1
 Armour: Robe              ||     6
  Dodge: Dodged            ||    22
  Block: Other             ||     3

Table legend:
 A = Non-vault XP
 B = Vault XP
 C = Vault XP percentage of total XP
 D = Non-vault monster count
 E = Vault monster count
 F = Vault count percentage of total count
                 A         B        C        D         E       F
            +---------+---------+-------+---------+---------+-------
      Total |      69 |       0 |   0.0 |      26 |       0 |   0.0
            +---------+---------+-------+---------+---------+-------
        D:1 |      38 |       0 |   0.0 |      21 |       0 |   0.0
        D:2 |      31 |       0 |   0.0 |       5 |       0 |   0.0
            +---------+---------+-------+---------+---------+-------
